 Dungeon Crawl Stone Soup version 0.26.1-11-gd32895ea62 (webtiles) character file.

Game seed: 6998566668553997040

8285 phalm the Thaumaturge (level 11, -11/81 HPs)
             Began as a Gnoll Air Elementalist on June 7, 2021.
             Was a Believer of Cheibriados.
             Killed from afar by a green death (17 damage)
             ... with a blast of poison
             ... in a Gauntlet.
             The game lasted 00:28:14 (13649 turns).

phalm the Thaumaturge (Gnoll Air Elementalist)     Turns: 13649, Time: 00:28:14

Health: -11/81     AC: 10    Str: 18    XL:     11   Next: 28%
Magic:  22/23      EV: 18    Int: 24    God:    Cheibriados [**....]
Gold:   425        SH:  6    Dex: 20    Spells: 13/26 levels left

rFire    . . .     SeeInvis +   c - +5 hand axe (distort) {!w}
rCold    . . .     Faith    .   I - +0 buckler
rNeg     . . .     Spirit   .   t - +2 leather armour of Bati {+Fly SInv}
rPois    .         Reflect  .   D - +0 helmet
rElec    .         Harm     .   y - +0 cloak
rCorr    .         Rampage  .   J - +1 pair of gloves of the Black Moon {+Inv Will+ Str+3}
Will     +....     NoTele   +   (no boots)
Stlth    ++++++....             (no amulet)
HPRegen  0.23/turn              Q - ring of stealth
MPRegen  0.18/turn              q - ring of stealth

@: lethally poisoned (-11 -> -113), flying, very slow
A: distributed training, fangs 1, strong nose
a: Renounce Religion, Evoke Invisibility, Bend Time


You were in a Gauntlet.
You worshipped Cheibriados.
Cheibriados was pleased with you.
You visited 2 branches of the dungeon, and saw 11 of its levels.
You also visited: Gauntlet.

You collected 425 gold pieces.


Innate Abilities, Weirdness & Mutations

Your experience applies equally to all skills.
You have very sharp teeth.
Your uncanny sense of smell can sniff out nearby items.


   Skills:
 + Level 6.1 Fighting
 + Level 6.1 Short Blades
 + Level 6.1 Long Blades
 + Level 6.1 Axes
 + Level 6.1 Maces & Flails
 + Level 6.1 Polearms
 + Level 6.1 Staves
 + Level 6.1 Slings
 + Level 6.1 Bows
 + Level 6.1 Crossbows
 + Level 6.1 Throwing
 + Level 6.1 Armour
 + Level 7.7 Dodging
 + Level 7.5 Stealth
 + Level 6.1 Shields
 + Level 6.1 Unarmed Combat
 + Level 8.0 Spellcasting
 + Level 5.5 Conjurations
 + Level 5.1 Hexes
 + Level 5.1 Summonings
 + Level 5.1 Necromancy
 + Level 5.1 Translocations
 + Level 5.1 Transmutations
 + Level 5.1 Fire Magic
 + Level 5.1 Ice Magic
 + Level 7.5 Air Magic
 + Level 5.1 Earth Magic
 + Level 5.1 Poison Magic
 + Level 6.7 Invocations
 + Level 6.1 Evocations


You had 13 spell levels left.
You knew the following spells:

 Your Spells              Type           Power        Failure   Level
a - Airstrike             Air            23%          3%          4
l - Lightning Bolt        Conj/Air       20%          14%         5
t - Static Discharge      Conj/Air       41%          1%          3
z - Shock                 Conj/Air       100%         1%          1

Your spell library contained the following spells:

 Spells                   Type           Power        Failure   Level
 Swiftness                Air            46%          1%          2
 Iskenderun's Battlesphe  Conj           36%          21%         5
 Bolt of Magma            Conj/Fire/Erth 17%          24%         5
 Iron Shot                Conj/Erth      17%          77%         6
 Orb of Destruction       Conj           18%          99%         7
 Spellforged Servitor     Conj/Summ      17%          100%        7

Inventory:

Hand Weapons
 c - a +5 hand axe of distortion (weapon) {!w}
   (You found it on level 1 of the Dungeon)
Missiles
 i - 112 sling bullets
 r - 10 boomerangs
 z - 36 poisoned darts
 B - 50 bolts
 L - 2 throwing nets {=f!f}
Armour
 l - a +0 leather armour of poison resistance
   (You took it off an orc on level 7 of the Dungeon)
 t - the +2 leather armour of Bati (worn) {+Fly SInv}
   (You found it on level 4 of the Dungeon)

   It lets you see invisible.
   It lets you fly.
 y - a +0 cloak (worn)
   (You found it on level 5 of the Dungeon)
 D - a +0 helmet (worn)
   (You found it on level 7 of the Dungeon)
 H - a +0 tower shield
   (You took it off an orc on level 8 of the Dungeon)
 I - a +0 buckler (worn)
   (You took it off a gnoll sergeant on level 9 of the Dungeon)
 J - the +1 pair of gloves of the Black Moon (worn) {+Inv Will+ Str+3}
   (You found it in a Gauntlet)

   It affects your strength (+3).
   It affects your willpower, your defense against some magical effects.
   It lets you turn invisible.
Jewellery
 q - a ring of stealth (right hand)
   (You found it on level 5 of the Dungeon)
 C - an uncursed ring of ice
   (You found it on level 3 of the Dungeon)
 Q - a ring of stealth (left hand)
   (You found it on level 5 of the Dungeon)
Wands
 b - a wand of paralysis (15)
   (You found it on level 7 of the Dungeon)
 e - a wand of flame (31)
   (You found it on level 5 of the Dungeon)
 x - a wand of polymorph (11)
   (You found it on level 4 of the Dungeon)
Scrolls
 h - 8 scrolls of remove curse {@r2}
 j - 4 scrolls of enchant armour
 n - 2 scrolls of fog
 o - 2 scrolls of amnesia
 u - a scroll of noise {!r}
 v - 4 scrolls of teleportation {@r4}
 A - a scroll of blinking {!r}
 F - a scroll of fear {unknown}
 G - a scroll of immolation {unknown}
Potions
 a - 3 potions of attraction {unknown}
 d - 3 potions of flight
 f - 3 potions of magic {unknown}
 g - 2 potions of might {unknown}
 k - 4 potions of curing {unknown}
 m - 3 potions of brilliance {unknown}
 p - 2 potions of degeneration {unknown}
 s - 3 potions of heal wounds {unknown}
 w - a potion of resistance {unknown}
 E - 4 potions of lignification {unknown}
Miscellaneous
 K - a lightning rod (4/4)
   (You found it in a Gauntlet)

Dungeon Overview and Level Annotations

Branches:
Dungeon (11/15)            Temple (1/1) D:7         Gauntlet (1/1)
   Lair: D:8-11         Orc: D:9-12

Altars:
Ashenzari
Cheibriados
Dithmenos
Fedhas
Gozag
Kikubaaqudgha
Makhleb
Nemelex Xobeh
Okawaru
Qazlal
Ru
Sif Muna
Trog
Uskayaw
Vehumet
Wu Jian
Xom
Yredelemnul
Zin
The Shining One

Annotations:
Gauntlet 13 transporters, 21 runed translucent doors, exclusion: 2 lightning spires

### ### ### ### ###
#8# #8# #8# #8# #8#
####################
###≈..................
#8#...................
###.###########.######
#.#○○○°.##©##.#.≈.$©
###.#°2###.##.#.#.≈.≈.
#8#.#@##.##.#.#.#..≈^.
###.#○#.#.#.#.#.#^≈.≈≈
#.#.#.#©#.#.#.#W≈.≈©
###.#.#.#.#.#.#.#..≈..
#8#.#.#.##.##.#.#W≈≈.≈
###.#.##.###..#.#W≈..≈
#.#..##.....#.#.≈...
###.##################
#8#.....#©...........©


You could see a green death.


Message History

😕 MP[+1]
You hit the killer bee.
Space warps horribly around the killer bee!
You kill the killer bee!
Cheibriados thoroughly appreciates the change of pace.
You hit the killer bee.
The killer bee blinks!
The zap misses the killer bee.
The killer bee misses you. 😕 MP[-1]
You lost 1 mp, and now have 19/23 mp.
You miss the killer bee.
You feel sick.
You are no longer poisoned.
You block the killer bee's attack.
The killer bee closely misses you. 😕 HP[-1]
You take 1 damage, and now have 63/81 hp.
You hit the killer bee.
Space bends around the killer bee.
You kill the killer bee!
Cheibriados thoroughly appreciates the change of pace. 😕 HP[+1]
You see here a killer bee corpse.
e - a wand of flame (31) (gained 15 charges)
There is a transporter here.
A - a scroll of blinking {!r} 😎 HP[+17] MP[+4]
Your hp is fully restored (81).
Your mp is fully restored (23).
There is a transporter here.
You enter the transporter and appear at another place.
There is a transporter here.
Press: ? - help, . - travel You can't see that place. [the floor.]
The orange demon screeches!
You hear a screech!
There is a transporter here.
You enter the transporter and appear at another place.
The green death roars!
J - a pair of slimy gloves
There are no items here.
You see here a lightning rod (4/4).
K - a lightning rod (4/4)
L - 2 throwing nets {=f!f}
There are no items here.
You start putting on your armour.
You continue putting on your pair of slimy gloves. x4
You finish putting on the +1 pair of gloves of the Black Moon {+Inv Will+ Str+3}.
You feel stronger.
The green death roars!
You slash the green death!
Space bends around the green death.
The green death completely misses you.
You barely miss the green death. Your bite misses the green death.
The green death gestures at you. The blast of poison engulfs you.
You are poisoned. 😕 HP[-4]
You take 4 damage, and now have 77/81 hp.
Okay, then.
You hit the green death.
Space bends around the green death.
You are engulfed in poison gas.
You are more poisoned.
You feel sick. The green death gestures at you.
The poison arrow misses you. 😕 HP[-9]
You take 9 damage, and now have 68/81 hp.
Casting: Shock (safe; 1% risk of failure)
Confirm with . or Enter, or press ? or * to list all spells.
Aiming: Airstrike (dangerous; 3% risk of failure)
Press: ? - help, Dir - move target, f - green death
Aim: a green death (poison gas, moderately wounded)
Okay, then.
The zap hits the green death but does no damage.
You are engulfed in poison gas.
You are more poisoned.
You feel sick. The green death gestures at you. The poison arrow hits you!
You are more poisoned. 😮 HP[-26] MP[-1]
You take 26 damage, and now have 42/81 hp.
MASSIVE DAMAGE!! (PAUSE)
You lost 1 mp, and now have 22/23 mp.
You barely miss the green death.
You are engulfed in poison gas.
You are more poisoned.
* * * LOW HITPOINT WARNING * * *
x2 You feel very sick.
The green death gestures at you. The poison arrow hits you!!
You are more poisoned.
* * * LOW HITPOINT WARNING * * *
😱 HP[-31]
You take 31 damage, and now have 11/81 hp.
MASSIVE DAMAGE!! (PAUSE) It was a potion of flight.
You feel very buoyant.
You fly up into the air.
You are engulfed in poison gas.
You are more poisoned.
* * * LOW HITPOINT WARNING * * *
You feel very sick. The green death gestures at you.
The blast of poison engulfs you!
You are more poisoned.
You die...

Skill      XL: |  1  2  3  4  5  6  7  8  9 10 11 |
---------------+----------------------------------+-----
Conjurations   | 2 3 4 5 |  5.5
Spellcasting   | 5 6 7 8 |  8.0
Fighting       | 1 2 3 4 5 6 |  6.1
Short Blades   | 1 2 3 4 5 6 |  6.1
Long Blades    | 1 2 3 4 5 6 |  6.1
Axes           | 1 2 3 4 5 6 |  6.1
Maces & Flails | 1 2 3 4 5 6 |  6.1
Polearms       | 1 2 3 4 5 6 |  6.1
Staves         | 1 2 3 4 5 6 |  6.1
Slings         | 1 2 3 4 5 6 |  6.1
Bows           | 1 2 3 4 5 6 |  6.1
Crossbows      | 1 2 3 4 5 6 |  6.1
Throwing       | 1 2 3 4 5 6 |  6.1
Armour         | 1 2 3 4 5 6 |  6.1
Shields        | 1 2 3 4 5 6 |  6.1
Unarmed Combat | 1 2 3 4 5 6 |  6.1
Hexes          | 1 2 3 4 5 |  5.1
Summonings     | 1 2 3 4 5 |  5.1
Necromancy     | 1 2 3 4 5 |  5.1
Translocations | 1 2 3 4 5 |  5.1
Transmutations | 1 2 3 4 5 |  5.1
Fire Magic     | 1 2 3 4 5 |  5.1
Ice Magic      | 1 2 3 4 5 |  5.1
Earth Magic    | 1 2 3 4 5 |  5.1
Poison Magic   | 1 2 3 4 5 |  5.1
Invocations    | 1 2 3 4 5 6 |  6.7
Evocations     | 1 2 3 4 5 6 |  6.1
Dodging        | 5 6 7 |  7.7
Stealth        | 5 6 7 |  7.5
Air Magic      | 6 7 |  7.5

Action                   |  1- 3 |  4- 6 |  7- 9 | 10-12 || total
-------------------------+-------+-------+-------+-------++-------
Melee: Hand axe          |    11 |     7 |    98 |   130 ||   246
       Bite              |       |     1 |    13 |    14 ||    28
       Punch             |       |       |     2 |     1 ||     3
 Cast: Shock             |    78 |    45 |   289 |   257 ||   669
       Swiftness         |     1 |       |     2 |       ||     3
       Static Discharge  |       |     3 |     8 |     5 ||    16
       Airstrike         |       |       |       |    13 ||    13
       Lightning Bolt    |       |       |       |     1 ||     1
 Abil: Evoke Flight      |       |       |     1 |       ||     1
  Use: Scroll            |     2 |       |    10 |     3 ||    15
       Potion            |       |       |       |     1 ||     1
 Stab: Sleeping          |       |       |     5 |     1 ||     6
Armor: Robe              |     6 |     1 |       |       ||     7
       Leather armour    |       |       |    15 |    41 ||    56
Dodge: Dodged            |    16 |    13 |    89 |   140 ||   258
Block: Buckler           |       |       |       |    32 ||    32

Levels and vault maps discovered:
D:1:      minmay_arrival_shattered_statue, layout_basic,
          serial_co_window_serial, co_window_of_opportunity_a,
          co_window_paths_a, co_window_paths_b, co_window_paths_a,
          co_window_paths_a, co_window_unsneaky_path_a, co_window_broadway_c,
          co_window_cross_4, co_window_4corner_a, glass_columns_a,
          glass_columns_a, glass_columns_a, glass_columns_b, glass_columns_a,
          serial_bayou_pond_c
D:2:      layout_basic, nicolae_overflow_crystal_walls, uniq_sigmund
D:3:      layout_basic, wad_orctagon, uniq_grinder
D:4:      layout_loops_ring, uniq_pikel
D:5:      layout_basic, st_stairs_9
D:6:      layout_rooms
D:7:      layout_rooms, grunt_temple_overflow_open, minmay_temple_entry_fiery,
          st_stairs_3, grunt_ministairs_3, uniq_joseph
D:8:      layout_gridville, gammafunk_temple_overflow_wave, minmay_ruffians
D:9:      wander_river, layout_long_grid, elyvilon_altar_3,
          overflow_temple_1_default
D:11:     layout_stronghold, serial_column_ruins, column_ruins_columns_straight,
          column_ruins_grid_1, column_ruins_grid_1, column_ruins_grid_1,
          column_ruins_grid_1, column_ruins_grid_3, column_ruins_open_tiny,
          gauntlet_entry_generic
Temple:   cyrus_circular_temple
Gauntlet: gammafunk_gauntlet_one_two_three [nicolae_gauntlet_swirl,
          gammafunk_gauntlet_arena_corners, nicolae_gauntlet_arena_t_cross,
          gammafunk_gauntlet_arena_spirals, nicolae_gauntlet_arena_flowing_pool,
          nicolae_gauntlet_arena_grate_2, gammafunk_gauntlet_arena_open,
          minmay_gauntlet_arena_make_your_own_arena,
          gammafunk_gauntlet_arena_split_x, gauntlet_exit_watery]

Notes
Turn   | Place    | Note
-------+----------+-------------------------------------------
     0 | D:1      | phalm the Gnoll Air Elementalist began the quest for the
                  | Orb.
     0 | D:1      | Reached XP level 1. HP: 13/13 MP: 6/6
     0 | D:1      | magus.rc [v1.9.10]
   108 | D:1      | Reached skill level 2 in Conjurations
   285 | D:1      | Reached XP level 2. HP: 19/19 MP: 5/7
  1234 | D:1      | Reached XP level 3. HP: 25/25 MP: 3/9
  1242 | D:1      | Reached skill level 5 in Spellcasting
  1479 | D:2      | Learned a level 3 spell: Static Discharge
  1862 | D:2      | Noticed Sigmund
  1886 | D:2      | Learned a level 2 spell: Swiftness
  2042 | D:2      | HP: 6/25 [Sigmund/magic dart (7)]
  2283 | D:2      | HP: 6/25 [Sigmund/magic dart (6)]
  2284 | D:2      | Killed Sigmund
  2285 | D:2      | Reached skill level 1 in Fighting
  2285 | D:2      | Reached skill level 1 in Short Blades
  2285 | D:2      | Reached skill level 1 in Long Blades
  2285 | D:2      | Reached skill level 1 in Axes
  2285 | D:2      | Reached skill level 1 in Maces & Flails
  2285 | D:2      | Reached skill level 1 in Polearms
  2285 | D:2      | Reached skill level 1 in Staves
  2285 | D:2      | Reached skill level 1 in Slings
  2285 | D:2      | Reached skill level 1 in Bows
  2285 | D:2      | Reached skill level 1 in Crossbows
  2285 | D:2      | Reached skill level 1 in Throwing
  2285 | D:2      | Reached skill level 1 in Armour
  2285 | D:2      | Reached skill level 1 in Shields
  2285 | D:2      | Reached skill level 1 in Unarmed Combat
  2285 | D:2      | Reached skill level 1 in Hexes
  2285 | D:2      | Reached skill level 1 in Summonings
  2285 | D:2      | Reached skill level 1 in Necromancy
  2285 | D:2      | Reached skill level 1 in Translocations
  2285 | D:2      | Reached skill level 1 in Transmutations
  2285 | D:2      | Reached skill level 1 in Fire Magic
  2285 | D:2      | Reached skill level 1 in Ice Magic
  2285 | D:2      | Reached skill level 1 in Earth Magic
  2285 | D:2      | Reached skill level 1 in Poison Magic
  2285 | D:2      | Reached skill level 1 in Invocations
  2285 | D:2      | Reached skill level 1 in Evocations
  2285 | D:2      | Reached XP level 4. HP: 7/32 MP: 0/11
  2285 | D:2      | Reached XP level 5. HP: 9/37 MP: 0/12
  2768 | D:2      | Found a bloodstained altar of Trog.
  3058 | D:3      | Reached XP level 6. HP: 44/44 MP: 8/13
  3111 | D:3      | Reached skill level 2 in Invocations
  3169 | D:3      | Noticed Grinder
  3178 | D:3      | Killed Grinder
  3179 | D:3      | Reached skill level 2 in Fighting
  3179 | D:3      | Reached skill level 2 in Short Blades
  3179 | D:3      | Reached skill level 2 in Long Blades
  3179 | D:3      | Reached skill level 2 in Axes
  3179 | D:3      | Reached skill level 2 in Maces & Flails
  3179 | D:3      | Reached skill level 2 in Polearms
  3179 | D:3      | Reached skill level 2 in Staves
  3179 | D:3      | Reached skill level 2 in Slings
  3179 | D:3      | Reached skill level 2 in Bows
  3179 | D:3      | Reached skill level 2 in Crossbows
  3179 | D:3      | Reached skill level 2 in Throwing
  3179 | D:3      | Reached skill level 2 in Armour
  3179 | D:3      | Reached skill level 5 in Dodging
  3179 | D:3      | Reached skill level 2 in Shields
  3179 | D:3      | Reached skill level 2 in Unarmed Combat
  3179 | D:3      | Reached skill level 2 in Evocations
  3318 | D:3      | Reached XP level 7. HP: 50/50 MP: 6/15
  3415 | D:3      | Learned a level 4 spell: Airstrike
  3421 | D:3      | Learned a level 5 spell: Lightning Bolt
  4040 | D:4      | Reached skill level 3 in Conjurations
  4040 | D:4      | Reached skill level 2 in Hexes
  4040 | D:4      | Reached skill level 2 in Summonings
  4040 | D:4      | Reached skill level 2 in Necromancy
  4040 | D:4      | Reached skill level 2 in Translocations
  4040 | D:4      | Reached skill level 2 in Transmutations
  4040 | D:4      | Reached skill level 2 in Fire Magic
  4040 | D:4      | Reached skill level 2 in Ice Magic
  4040 | D:4      | Reached skill level 2 in Earth Magic
  4040 | D:4      | Reached skill level 2 in Poison Magic
  4239 | D:4      | Got a bloodstained leather armour
  4250 | D:4      | Identified the +2 leather armour of Bati {+Fly SInv} (You
                  | found it on level 4 of the Dungeon)
  4348 | D:4      | Reached skill level 5 in Stealth
  4409 | D:4      | Reached skill level 3 in Invocations
  4475 | D:4      | Noticed Pikel
  5161 | D:4      | Killed Pikel
  5162 | D:4      | Reached skill level 3 in Fighting
  5162 | D:4      | Reached skill level 3 in Short Blades
  5162 | D:4      | Reached skill level 3 in Long Blades
  5162 | D:4      | Reached skill level 3 in Axes
  5162 | D:4      | Reached skill level 3 in Maces & Flails
  5162 | D:4      | Reached skill level 3 in Polearms
  5162 | D:4      | Reached skill level 3 in Staves
  5162 | D:4      | Reached skill level 3 in Slings
  5162 | D:4      | Reached skill level 3 in Bows
  5162 | D:4      | Reached skill level 3 in Crossbows
  5162 | D:4      | Reached skill level 3 in Throwing
  5162 | D:4      | Reached skill level 3 in Armour
  5162 | D:4      | Reached skill level 3 in Shields
  5162 | D:4      | Reached skill level 3 in Unarmed Combat
  5162 | D:4      | Reached skill level 6 in Spellcasting
  5162 | D:4      | Reached skill level 6 in Air Magic
  5162 | D:4      | Reached skill level 3 in Evocations
  5162 | D:4      | Reached XP level 8. HP: 29/58 MP: 10/17
  5445 | D:5      | Entered Level 5 of the Dungeon
  5615 | D:5      | Reached skill level 4 in Invocations
  5707 | D:5      | Reached skill level 3 in Hexes
  5707 | D:5      | Reached skill level 3 in Summonings
  5707 | D:5      | Reached skill level 3 in Necromancy
  5707 | D:5      | Reached skill level 3 in Translocations
  5707 | D:5      | Reached skill level 3 in Transmutations
  5707 | D:5      | Reached skill level 3 in Fire Magic
  5707 | D:5      | Reached skill level 3 in Ice Magic
  5707 | D:5      | Reached skill level 3 in Earth Magic
  5707 | D:5      | Reached skill level 3 in Poison Magic
  5901 | D:5      | Reached skill level 6 in Dodging
  5905 | D:5      | Reached XP level 9. HP: 59/65 MP: 18/18
  7019 | D:6      | Reached skill level 4 in Fighting
  7019 | D:6      | Reached skill level 4 in Short Blades
  7019 | D:6      | Reached skill level 4 in Long Blades
  7019 | D:6      | Reached skill level 4 in Axes
  7019 | D:6      | Reached skill level 4 in Maces & Flails
  7019 | D:6      | Reached skill level 4 in Polearms
  7019 | D:6      | Reached skill level 4 in Staves
  7019 | D:6      | Reached skill level 4 in Slings
  7019 | D:6      | Reached skill level 4 in Bows
  7019 | D:6      | Reached skill level 4 in Crossbows
  7019 | D:6      | Reached skill level 4 in Throwing
  7019 | D:6      | Reached skill level 4 in Armour
  7019 | D:6      | Reached skill level 4 in Shields
  7019 | D:6      | Reached skill level 4 in Unarmed Combat
  7019 | D:6      | Reached skill level 4 in Conjurations
  7019 | D:6      | Reached skill level 4 in Evocations
  7261 | D:6      | Reached skill level 6 in Stealth
  8079 | D:7      | Reached skill level 5 in Invocations
  8079 | D:7      | HP: 16/66 [orc warrior/+0 scimitar of electrocution (14)]
  8079 | D:7      | HP: 2/66 [orc warrior/+0 scimitar of electrocution (14)]
  8390 | D:6      | HP: 13/66 [orc warrior/+0 long sword (15)]
  8908 | D:7      | Reached skill level 7 in Spellcasting
  8908 | D:7      | Noticed Joseph
  8987 | D:6      | HP: 16/66 [orc warrior/+0 long sword (3)]
  8989 | D:6      | Reached XP level 10. HP: 18/73 MP: 9/20
  9249 | D:6      | Reached skill level 4 in Hexes
  9249 | D:6      | Reached skill level 4 in Summonings
  9249 | D:6      | Reached skill level 4 in Necromancy
  9249 | D:6      | Reached skill level 4 in Translocations
  9249 | D:6      | Reached skill level 4 in Transmutations
  9249 | D:6      | Reached skill level 4 in Fire Magic
  9249 | D:6      | Reached skill level 4 in Ice Magic
  9249 | D:6      | Reached skill level 4 in Earth Magic
  9249 | D:6      | Reached skill level 4 in Poison Magic
  9352 | D:7      | HP: 11/73 [Joseph/sling bullet (15)]
  9639 | D:7      | Killed Joseph
  9640 | D:7      | Reached skill level 5 in Fighting
  9640 | D:7      | Reached skill level 5 in Short Blades
  9640 | D:7      | Reached skill level 5 in Long Blades
  9640 | D:7      | Reached skill level 5 in Axes
  9640 | D:7      | Reached skill level 5 in Maces & Flails
  9640 | D:7      | Reached skill level 5 in Polearms
  9640 | D:7      | Reached skill level 5 in Staves
  9640 | D:7      | Reached skill level 5 in Slings
  9640 | D:7      | Reached skill level 5 in Bows
  9640 | D:7      | Reached skill level 5 in Crossbows
  9640 | D:7      | Reached skill level 5 in Throwing
  9640 | D:7      | Reached skill level 5 in Armour
  9640 | D:7      | Reached skill level 5 in Shields
  9640 | D:7      | Reached skill level 5 in Unarmed Combat
  9640 | D:7      | Reached skill level 5 in Evocations
 10075 | D:7      | Found a staircase to the Ecumenical Temple.
 10081 | Temple   | Entered the Ecumenical Temple
 10241 | D:7      | Reached skill level 7 in Air Magic
 10313 | D:7      | Found an ancient bone altar of Kikubaaqudgha.
 10313 | D:7      | Found a broken altar of Ashenzari.
 10317 | D:7      | Found a burning altar of Makhleb.
 10317 | D:7      | Found a glowing silver altar of Zin.
 10550 | D:8      | Reached skill level 7 in Dodging
 11485 | D:8      | Reached skill level 5 in Conjurations
 11575 | D:8      | Found a snail-covered altar of Cheibriados.
 11575 | D:8      | Found a stormy altar of Qazlal.
 11618 | D:8      | Became a worshipper of Cheibriados the Contemplative
 11728 | D:8      | Reached skill level 6 in Invocations
 11751 | D:8      | Reached skill level 7 in Stealth
 12080 | D:9      | Reached * piety under Cheibriados
 12533 | D:9      | Reached XP level 11. HP: 81/81 MP: 14/22
 12677 | D:9      | You fall into a shaft and drop 2 floors!
 12754 | D:11     | Reached skill level 6 in Fighting
 12754 | D:11     | Reached skill level 6 in Short Blades
 12754 | D:11     | Reached skill level 6 in Long Blades
 12754 | D:11     | Reached skill level 6 in Axes
 12754 | D:11     | Reached skill level 6 in Maces & Flails
 12754 | D:11     | Reached skill level 6 in Polearms
 12754 | D:11     | Reached skill level 6 in Staves
 12754 | D:11     | Reached skill level 6 in Slings
 12754 | D:11     | Reached skill level 6 in Bows
 12754 | D:11     | Reached skill level 6 in Crossbows
 12754 | D:11     | Reached skill level 6 in Throwing
 12754 | D:11     | Reached skill level 6 in Armour
 12754 | D:11     | Reached skill level 6 in Shields
 12754 | D:11     | Reached skill level 6 in Unarmed Combat
 12754 | D:11     | Reached skill level 6 in Evocations
 12761 | D:11     | Found a gate leading to a gauntlet.
 12769 | Gauntlet | Entered a Gauntlet
 12769 | Gauntlet | Found a transporter.
 12801 | Gauntlet | Noticed a worldbinder
 12896 | Gauntlet | Found a transporter.
 12911 | Gauntlet | Found a transporter.
 12913 | Gauntlet | Found a large runed translucent door.
 12913 | Gauntlet | Found a large runed translucent door.
 12914 | Gauntlet | Found a large runed translucent door.
 12914 | Gauntlet | Found a large runed translucent door.
 12915 | Gauntlet | Found a large runed translucent door.
 12915 | Gauntlet | Found a large runed translucent door.
 12915 | Gauntlet | Found a runed translucent door.
 12915 | Gauntlet | Found a runed translucent door.
 12915 | Gauntlet | Found a large runed translucent door.
 12916 | Gauntlet | Found a transporter.
 12919 | Gauntlet | Noticed a death ooze
 12937 | Gauntlet | Found a transporter.
 12946 | Gauntlet | Found a large runed translucent door.
 12947 | Gauntlet | Found a large runed translucent door.
 12948 | Gauntlet | Found a large runed translucent door.
 12948 | Gauntlet | Found a large runed translucent door.
 12949 | Gauntlet | Found a runed translucent gate.
 12950 | Gauntlet | Found a transporter.
 12950 | Gauntlet | Found a runed translucent gate.
 12951 | Gauntlet | Found a runed translucent gate.
 12952 | Gauntlet | Found a large runed translucent door.
 12952 | Gauntlet | Found a large runed translucent door.
 12953 | Gauntlet | Found a large runed translucent door.
 12954 | Gauntlet | Found a large runed translucent door.
 12962 | Gauntlet | Found a transporter.
 12971 | Gauntlet | Noticed a reaper
 12974 | Gauntlet | Found a transporter.
 12975 | Gauntlet | Noticed a ghost crab
 12986 | Gauntlet | Found a transporter.
 12995 | Gauntlet | Found a transporter.
 13000 | Gauntlet | Noticed a green death
 13017 | Gauntlet | Found a transporter.
 13032 | Gauntlet | Found a transporter.
 13034 | Gauntlet | Found a transporter.
 13061 | Gauntlet | Found a transporter.
 13061 | Gauntlet | Found a transporter.
 13081 | Gauntlet | Found a transporter.
 13157 | Gauntlet | Found a large runed translucent door.
 13161 | Gauntlet | Found a transporter.
 13181 | Gauntlet | Found a transporter.
 13298 | Gauntlet | Reached skill level 5 in Hexes
 13298 | Gauntlet | Reached skill level 5 in Summonings
 13298 | Gauntlet | Reached skill level 5 in Necromancy
 13298 | Gauntlet | Reached skill level 5 in Translocations
 13298 | Gauntlet | Reached skill level 5 in Transmutations
 13298 | Gauntlet | Reached skill level 5 in Fire Magic
 13298 | Gauntlet | Reached skill level 5 in Ice Magic
 13298 | Gauntlet | Reached skill level 5 in Earth Magic
 13298 | Gauntlet | Reached skill level 5 in Poison Magic
 13300 | Gauntlet | Noticed a manticore
 13306 | Gauntlet | Killed a worldbinder
 13307 | Gauntlet | Reached skill level 8 in Spellcasting
 13401 | Gauntlet | You pick up a book of Power and begin reading...
 13401 | Gauntlet | You add the spells Iskenderun's Battlesphere, Bolt of
                  | Magma, Iron Shot, Orb of Destruction and Spellforged
                  | Servitor to your library.
 13497 | Gauntlet | Reached ** piety under Cheibriados
 13627 | Gauntlet | Got a pair of slimy gloves
 13638 | Gauntlet | Identified the +1 pair of gloves of the Black Moon {+Inv
                  | Will+ Str+3} (You found it in a Gauntlet)
 13648 | Gauntlet | HP: 11/81 [green death/poison arrow (23)]
 13649 | Gauntlet | Killed from afar by a green death

Vanquished Creatures
  Pikel (D:4)
  A worldbinder (Gauntlet)
  Joseph (D:7)
  A queen bee (Gauntlet)
  A hornet (D:11)
  Grinder (D:3)
  Sigmund (D:2)
  5 humans (D:8)
  4 orc warriors
  2 black bears (D:8)
  5 ice beasts
  7 ogres
  A sky beast (D:6)
  6 centaurs
  2 phantoms
  3 boggarts (Gauntlet)
  2 lemures (D:4)
  A big kobold (D:7)
  8 bullfrogs
  A gnoll sergeant (D:9)
  A wyvern zombie (D:8)
  4 scorpions
  2 water moccasin skeletons
  8 killer bees
  6 howler monkeys
  2 centaur zombies
  A bullfrog zombie (D:5)
  4 hounds
  A jelly (D:11)
  2 bullfrog skeletons
  6 orc priests
  5 orc wizards
  2 iguanas
  8 worker ants
  A killer bee zombie (D:5)
  3 worker ant zombies
  A howler monkey zombie (D:6)
  5 gnolls (D:9)
  A howler monkey skeleton (D:9)
  8 adders
  3 shadow imps
  2 white imps (D:8)
  An ufetubus (D:6)
  2 oozes
  An adder zombie (D:5)
  2 worms
  A dart slug (D:1)
  4 leopard geckos
  42 orcs
  6 bats
  8 giant cockroaches
  9 hobgoblins
  12 jackals
  5 quokkas
  3 ball pythons
  5 frilled lizards
  4 goblins
  11 kobolds
  A quokka skeleton (D:5)
  3 rats
250 creatures vanquished.

Vanquished Creatures (others)
  3 plants
3 creatures vanquished.

Grand Total: 253 creatures vanquished

Table legend:
 A = Non-vault XP
 B = Vault XP
 C = Vault XP percentage of total XP
 D = Non-vault monster count
 E = Vault monster count
 F = Vault count percentage of total count
                 A         B        C        D         E       F
            +---------+---------+-------+---------+---------+-------
      Total |    7349 |    4488 |  37.9 |     226 |      28 |  11.0
            +---------+---------+-------+---------+---------+-------
        D:1 |      38 |       0 |   0.0 |      22 |       0 |   0.0
        D:2 |      40 |     220 |  84.6 |      15 |       1 |   6.2
        D:3 |     129 |     270 |  67.7 |      22 |       5 |  18.5
        D:4 |     548 |     727 |  57.0 |      19 |       1 |   5.0
        D:5 |     544 |      35 |   6.0 |      26 |       1 |   3.7
        D:6 |    1466 |     133 |   8.3 |      30 |       1 |   3.2
        D:7 |    1003 |     599 |  37.4 |      28 |       3 |   9.7
        D:8 |    1901 |     983 |  34.1 |      43 |       5 |  10.4
        D:9 |     954 |       0 |   0.0 |      15 |       0 |   0.0
       D:11 |     726 |       0 |   0.0 |       6 |       0 |   0.0
   Gauntlet |       0 |    1521 | 100.0 |       0 |      11 | 100.0
            +---------+---------+-------+---------+---------+-------

Illustrated notes

Table legend:
 A = Kills in this place as a percentage of kills in entire the game.
 B = Kills by you in this place as a percentage of kills by you in the entire game.
 C = Kills by friends in this place as a percentage of kills by friends in the entire game.
 D = Other kills in this place as a percentage of other kills in the entire game.
 E = Experience gained in this place as a percentage of experience gained in the entire game.
 F = Experience gained in this place divided by the number of levels of this place that you have seen.
                   A       B       C       D       E      F
               +-------+-------+-------+-------+-------+----------------------
         Total | 100.0 | 100.0 |   N/A | 100.0 | 100.0 | 986.4
       Dungeon |  95.7 |  96.0 |   N/A |  83.3 |  87.2 | 1031.6
      Gauntlet |   4.3 |   4.0 |   N/A |  16.7 |  12.8 | 1521.0
               +-------+-------+-------+-------+-------+----------------------

Table legend: (Time is in decaauts)
 A = Elapsed time spent in this place.
 B = Non-inter-level travel time spent in this place.
 C = Inter-level travel time spent in this place.
 D = Time resting spent in this place.
 E = Time spent auto-exploring this place.
 F = Levels seen in this place.
 G = Mean time per level.
                   A        B        C        D        E       F      G
               +--------+--------+--------+--------+--------+-----+--------+
         Total |  13996 |  13675 |    321 |      0 |  11759 |  12 | 1166.3 |
       Dungeon |  12829 |  12518 |    311 |      0 |  10922 |  10 | 1282.9 |
        Temple |     62 |     53 |      9 |      0 |     53 |   1 |   62.0 |
      Gauntlet |   1104 |   1104 |      0 |      0 |    784 |   1 | 1104.0 |
               +--------+--------+--------+--------+--------+-----+--------+

Top non-repeatable levels by time:
     D:6: 2242 daAuts
     D:1: 1782 daAuts
     D:8: 1719 daAuts
     D:7: 1492 daAuts
     D:5: 1424 daAuts
     D:3: 1254 daAuts
     D:4: 1249 daAuts
     D:2: 1170 daAuts
Gauntlet: 1104 daAuts
     D:9: 376 daAuts
    D:11: 116 daAuts
  Temple: 62 daAuts
